 Dungeon Crawl Stone Soup version 0.30-a0-772-g5528072125 (webtiles) character file.

Game seed: 5643318343549547703

46 holysushi the Cutter (level 3, -1/19 HPs)
             Began as a Vine Stalker Monk on Feb 12, 2023.
             Slain by a gnoll
             ... wielding a +0 flail
              (11 damage)
             ... on level 2 of the Dungeon.
             The game lasted 00:01:10 (1247 turns).

holysushi the Cutter (Vine Stalker Monk)            Turns: 1247, Time: 00:01:10

Health: -1/19      AC:  3    Str: 13    XL:     3   Next: 68%
Magic:  0/4        EV: 13    Int: 10    God:
Gold:   67         SH:  0    Dex: 18    Spells: 2/2 levels left

rFire   . . .      SeeInvis .    a - +0 short sword
rCold   . . .      Faith    .    (no shield)
rNeg    . . .      Spirit   +    b - +0 robe
rPois   .          Reflect  .    (no helmet)
rElec   .          Harm     .    (no cloak)
rCorr   .          Rampage  .    (no gloves)
Will    .....                    i - +0 pair of boots
Stlth   ++                       (no amulet)
HPRegen 0.23/turn                (no ring)
MPRegen 0.09/turn                (no ring)

@: no status effects
A: fangs 2, magic shield, antimagic bite, no potion heal 2
a: no special abilities


You were on level 2 of the Dungeon.
You visited 1 branch of the dungeon, and saw 2 of its levels.

You collected 67 gold pieces.

Inventory:

Hand Weapons
 a - a +0 short sword (weapon)
Armour
 b - a +0 robe (worn)
 i - a +0 pair of boots (worn)
Scrolls
 d - a scroll of enchant armour {unknown}
 e - a scroll of summoning {unknown}
Potions
 c - a potion of ambrosia
 f - 3 potions of attraction {unknown}
 g - 2 potions of degeneration {unknown}
 h - 2 potions of lignification {unknown}
 j - a potion of curing {unknown}


   Skills:
 - Level 2.6 Fighting
 + Level 4.1 Short Blades
 - Level 2.4 Dodging
 - Level 2.4 Stealth


You had 2 spell levels left.
You didn't know any spells.
Your spell library was empty.

Dungeon Overview and Level Annotations

Branches:
Dungeon (2/15) Zot: 10763

Altars:


Innate Abilities, Weirdness & Mutations

You have extremely sharp teeth.
When hurt, damage is shared between your health and your magic reserves.
Your bite disrupts and absorbs the magic of your enemies.
Potions cannot restore your health.


Message History

The ball python is moderately wounded.
The ball python barely misses you. The ball python grabs you.
The ball python constricts you.
You closely miss the ball python. Your bite misses the ball python.
The ball python is moderately wounded.
The ball python bites you but does no damage.
The ball python constricts you.
You hit the ball python but do no damage.
The ball python is moderately wounded.
You hit the ball python but do no damage.
You bite the ball python.
You kill the ball python!
No target in view!
A gnoll comes into view. It is wielding a +0 flail.
A gnoll is nearby!
A gnoll is nearby!
A gnoll is nearby!
You catch the helpless gnoll completely off-guard!
You puncture the gnoll!
The gnoll shouts!
You bite the gnoll. You drain its power.
The gnoll is severely wounded.
You hear a shout!
You hit the gnoll. You bite the gnoll. You drain its power.
The gnoll is almost dead.
The gnoll hits you with a +0 flail.
You hit the gnoll. You bite the gnoll, but do no damage.
The gnoll is almost dead.
The gnoll barely misses you.
You hit the gnoll but do no damage.
The gnoll is almost dead.
The gnoll barely misses you. The gnoll hits you with a +0 flail!
You closely miss the gnoll.
The gnoll is almost dead.
The gnoll hits you with a +0 whip.
You hit the gnoll but do no damage. You bite the gnoll, but do no damage.
The gnoll is almost dead.
The gnoll hits you with a +0 flail!
Ouch! That really hurt!
You die...

#.# #.<..# #.## #.# #.####
##.## #.# #.# ##..##
############.#####.#######.....
#.....g).g.#.##.........##..###
#.########.#.##.#######.##..#
#.# #.#....# #.##..# #.#
###.####.# #.....###
#.######....g.@.# #........
#.##.........g..# #.###.###
#.##.###.#.####.# #.# #.#
#.##.# #.#.†....#######.# #.#
#.##.# #.#..###.........# #.#
#.##<# #.#..# ######.#### .#
#.##.###.#..# #.# .#
#.........<.. ###.##
####.######..... ..#..#


You could see 2 gnolls.

Vanquished Creatures
  An adder (D:2)
  A gnoll (D:2)
  2 worms (D:2)
  A dart slug (D:1)
  An endoplasm (D:1)
  3 giant cockroaches (D:1)
  2 goblins (D:1)
  3 hobgoblins
  2 quokkas
  2 ball pythons
  A bat (D:1)
  A frilled lizard (D:1)
20 creatures vanquished.

Notes
Turn   | Place    | Note
-------+----------+-------------------------------------------
     0 | D:1      | holysushi the Vine Stalker Monk began the quest for the
                  | Orb.
     0 | D:1      | Reached XP level 1. HP: 11/11 MP: 2/2
    23 | D:1      | Reached skill level 3 in Short Blades
    62 | D:1      | Reached XP level 2. HP: 15/16 MP: 1/3
   295 | D:1      | Found a faded altar of an unknown god.
   779 | D:2      | Reached XP level 3. HP: 11/19 MP: 4/4
  1016 | D:2      | Reached skill level 4 in Short Blades
  1247 | D:2      | Slain by a gnoll

Illustrated notes

Levels and vault maps discovered:
D:1:      minmay_arrival_glassed_features, layout_loops_cross,
          ebering_ecumenical_altar_hall, supply_closet_lemuel,
          minmay_hexomino_u4
D:2:      minmay_general_purpose_star, layout_loops_ring, uniq_natasha

Skill      XL: |  1  2  3 |
---------------+----------+-----
Short Blades   | 3 4 |  4.1
Fighting       | |  2.6
Dodging        | |  2.4
Stealth        | |  2.4

Action                     || total
---------------------------++-------
  Melee: Short sword       ||    74
         Bite              ||    26
         Punch             ||     1
   Stab: Sleeping          ||     6
         Distracted        ||     1
 Armour: Robe              ||     6
  Dodge: Dodged            ||    37

Table legend: (Time is in decaauts)
 A = Elapsed time spent in this place.
 B = Non-inter-level travel time spent in this place.
 C = Inter-level travel time spent in this place.
 D = Time resting spent in this place.
 E = Time spent auto-exploring this place.
 F = Levels seen in this place.
 G = Mean time per level.
                   A        B        C        D        E       F      G
               +--------+--------+--------+--------+--------+-----+--------+
         Total |   1236 |   1176 |     60 |    182 |    758 |   2 |  618.0 |
       Dungeon |   1236 |   1176 |     60 |    182 |    758 |   2 |  618.0 |
               +--------+--------+--------+--------+--------+-----+--------+

Top non-repeatable levels by time:
     D:1: 913 daAuts
     D:2: 322 daAuts
